Map: Блестящий пепел РВ

Players

Garitos

  • Race: Zerg Zerg
  • League: Grandmaster

Hawk - Winner!

  • Race: Protoss Protoss
  • League: Grandmaster

VOD

Have the link to the VOD?

Description

Time

  • Played on: Nov. 24, 2021, 11:58 a.m.
  • Length: 9:20
Show
View Real Time Build Order
Export as new Build Order

Garitos Zerg 

Build Orders: Hatch First 

Get SALT Encoding   

  12  0:00  Drone  
  13  0:12  Overlord  
  13  0:17  Drone  
  14  0:30  Drone x2  
  16  0:48  Hatchery  
  15  0:52  Drone  
  15  0:55  Drone  
  17  0:59  Drone  
  18  1:10  Extractor  
  17  1:14  Spawning Pool  
  17  1:18  Drone  
  17  1:21  Drone  
  18  1:27  Drone  
  19  1:40  Drone  
  20  1:49  Overlord  
  20  2:01  Queen x2  
  20  2:03  Zergling x4  
  26  2:10  Drone  
  26  2:11  Drone  
  28  2:22  Drone  
  29  2:23  Drone  
  30  2:30  Hatchery  
  30  2:33  Drone  
  30  2:36  Drone  
  31  2:43  Drone  
  31  2:44  Overlord  
  32  2:57  Drone  
  32  2:58  Drone  
  34  3:11  Overlord, Drone  
  34  3:12  Drone x3  
  38  3:15  Drone  
  38  3:18  Metabolic Boost  
  38  3:19  Queen  
  41  3:20  Queen  
  43  3:32  Drone x2  
  43  3:34  Drone  
  46  3:37  Drone  
  47  3:43  Drone x5  
  47  3:44  Drone  
  47  3:47  Queen  
  55  3:53  Roach Warren  
  55  3:55  Zergling x6  
  57  4:05  Drone  
  57  4:08  Spore Crawler  
  57  4:10  Spore Crawler  
  57  4:15  Overlord  
  57  4:16  Overlord  
  54  4:34  Spore Crawler  
  54  4:35  Roach x5  
  54  4:36  Roach x2  
  54  4:37  Zergling x2  
  54  4:38  Zergling x4  
  69  4:40  Spore Crawler  
  65  4:52  Drone x6  
  69  4:54  Extractor  
  69  4:56  Drone, Extractor  
  68  5:07  Overlord  
  68  5:19  Overlord, Hatchery  
  68  5:20  Zergling x2  
  68  5:25  Lair  
  68  5:30  Zergling x2  
  68  5:33  Zergling x6  
  70  5:37  Zergling x4  
  70  5:38  Zergling x2  
  70  5:40  Ravager  
  70  5:42  Zergling x4  
  76  5:47  Zergling x2  
  76  5:48  Zergling x4  
  80  5:50  Zergling x2  
  80  5:51  Zergling x2  
  80  5:52  Ravager  
  82  6:00  Zergling x2  
  78  6:11  Zergling x4  
  71  6:19  Zergling x8  
  71  6:21  Zergling x2  
  71  6:22  Overseer  
  71  6:24  Ravager  
  77  6:30  Ravager  
  77  6:31  Zergling x2  
  77  6:32  Zergling x4  
  81  6:39  Zergling x2  
  62  6:54  Roach x2  
  62  6:55  Ravager  
  62  6:57  Zergling x6  
  61  7:02  Zergling x2  
  61  7:05  Drone x2, Queen  
  61  7:06  Queen x2  
  60  7:12  Drone  
  60  7:14  Drone x2  
  63  7:19  Glial Reconstitution  
  63  7:20  Hatchery  
  63  7:21  Drone  
  63  7:25  Drone x2  
  64  7:38  Drone  
  64  7:39  Drone x2  
  64  7:43  Drone  
  68  7:46  Evolution Chamber  
  68  7:50  Drone x3  
  71  7:51  Drone x2  
  71  7:55  Extractor  
  71  7:58  Roach x2  
  75  7:59  Roach  
  75  8:03  Queen  
  79  8:08  Roach x2  
  79  8:10  Roach  
  79  8:11  Ravager  
  86  8:14  Roach  
  86  8:16  Overlord x3  
  90  8:27  Roach  
  90  8:32  Roach x2  
  90  8:33  Roach  
  99  8:34  Roach x2  
  99  8:35  Roach x4  
  105  8:42  Ravager x2  
  105  8:43  Zergling x12  
  105  8:47  Roach  
  113  8:54  Roach  
  115  9:00  Roach x2  
  115  9:01  Roach  
Show
View Real Time Build Order
Export as new Build Order

Hawk Protoss - Winner!

Build Orders: Nexus First, Archon Immortal, Dark Templar Rush 

Get SALT Encoding   

  12  0:00  Probe  
  13  0:12  Probe  
  14  0:19  Pylon  
  14  0:24  Probe  
  15  0:37  Probe  
  17  0:50  Probe  
  17  1:01  Nexus  
  17  1:03  Probe  
  18  1:14  Gateway  
  18  1:18  Probe (Chrono Boost)  
  19  1:28  Probe (Chrono Boost), Assimilator  
  20  1:33  Probe (Chrono Boost)  
  20  1:36  Assimilator  
  21  1:43  Pylon  
  21  1:45  Probe (Chrono Boost)  
  22  1:51  Probe (Chrono Boost)  
  23  2:01  Probe, Cybernetics Core  
  23  2:05  Zealot  
  26  2:13  Probe (Chrono Boost)  
  28  2:19  Probe (Chrono Boost)  
  28  2:22  Probe (Chrono Boost)  
  29  2:26  Probe (Chrono Boost)  
  29  2:27  Probe (Chrono Boost)  
  31  2:36  Adept (Chrono Boost)  
  31  2:37  Probe  
  31  2:38  Twilight Council  
  31  2:39  Probe  
  31  2:42  Warp Gate  
  35  2:49  Robotics Facility  
  35  2:51  Probe  
  36  2:53  Probe  
  37  3:03  Probe  
  37  3:05  Probe  
  39  3:15  Dark Shrine, Probe  
  39  3:17  Probe  
  41  3:23  Gateway  
  41  3:26  Gateway  
  41  3:28  Gateway  
  41  3:34  Warp Prism (Chrono Boost)  
  41  3:40  Assimilator  
  43  3:44  Probe, Assimilator  
  43  3:46  Probe, Pylon  
  45  3:56  Probe  
  45  3:58  Pylon  
  45  4:01  Pylon  
  46  4:04  Probe  
  46  4:08  Probe  
  48  4:16  Probe  
  49  4:20  Probe  
  50  4:28  Probe  
  50  4:31  Dark Templar x4  
  55  4:51  Nexus  
  55  4:53  Immortal (Chrono Boost)  
  55  4:54  Pylon  
  55  4:55  Pylon  
  55  4:57  Charge  
  51  5:12  Sentry x2  
  55  5:15  Sentry, Shield Battery, Zealot  
  55  5:20  Shield Battery  
  59  5:23  Immortal (Chrono Boost)  
  63  5:35  Sentry  
  63  5:40  Zealot x3  
  71  5:48  Immortal (Chrono Boost)  
  75  5:52  Gateway  
  75  5:53  Gateway  
  75  5:59  Zealot  
  75  6:00  Zealot  
  75  6:01  Zealot  
  67  6:21  Zealot x4  
  67  6:23  Immortal (Chrono Boost)  
  79  6:41  Zealot x3  
  79  6:42  Zealot  
  87  6:50  Probe  
  87  6:51  Probe  
  87  6:52  Immortal (Chrono Boost)  
  71  7:08  Zealot x6  
  79  7:09  Probe  
  79  7:14  Probe x2  
  83  7:22  Templar Archives  
  83  7:23  Observer (Chrono Boost)  
  83  7:24  Probe  
  83  7:26  Probe  
  83  7:27  Probe  
  83  7:28  Pylon  
  86  7:30  Pylon  
  86  7:31  Zealot  
  86  7:32  Zealot  
  88  7:37  Warp Prism (Chrono Boost)  
  90  7:46  Zealot, Pylon  
  90  7:48  Probe  
  93  7:53  Probe  
  94  7:58  Pylon  
  94  8:00  High Templar x2  
  94  8:01  High Templar x3  
  94  8:03  Probe x2  
  106  8:07  High Templar  
  106  8:08  Probe  
  106  8:11  Archon x2  
  106  8:12  Archon  
  109  8:14  Assimilator  
  109  8:15  Probe x2  
  109  8:19  Assimilator  
  111  8:20  Probe  
  111  8:33  Zealot x5  
  116  8:53  Dark Templar x4  
  116  8:54  Zealot  
  116  8:55  Zealot  
Tags
 
Add a new tag
Caveats
  • Supply blocks, unpowered buildings, or Contaminate may cause inaccurate times.
  • Supply counts are checked every 10 seconds.